AoeStats
← jphilkill

Arena

509866043Analyzed
4v4 RM · 3d ago on Sep 28, 2026· 39m 8s· 8 players
Game mode
Random Map
Map size
Large (8 player)
Population
200
Speed
Normal
Resources
Standard
Victory
Conquest
Starting age
Dark Age
Ending age
Imperial Age
RankedLock teamsTeams togetherTeam positionsShared explorationLock speedFull tech treeHidden civsTurbo modeCheats
Victory
Defeat
🇨🇳 Celts · China
983
+14
🇩🇪 Franks · Germany
955
+16
🇭🇰 Maya · Hong Kong SAR China
939
+16
🇮🇳 Huns · India
938
+16
🇹🇷 Celts · Türkiye
1023
-18
🇦🇺 Teutons · Australia
983
-17
🇰🇿 Britons · Kazakhstan
894
-14
🇪🇸 Persians · Spain
888
-13
小怪兽
0:30 Loom
10:45 Feudal Age
15:19 Castle Age
14:54 Man-at-Arms
15:22 Double-Bit Axe
15:53 Horse Collar
17:15 Gambesons
19:40 Scale Mail Armor
19:52 Long Swordsman
22:59 Bow Saw
26:45 Wheelbarrow
28:42 Town Watch
30:11 Chain Mail Armor
31:02 Hand Cart
31:56 Heavy Plow
35:12 Imperial Age
32:52 Gold Mining
32:52 Stone Mining
33:29 Fervor
35:21 Forging
35:27 Arson
35:03 Pikeman
35:49 Capped Ram
35:52 Two-Handed Swordsman
37:07 Plate Mail Armor
37:12 Iron Casting
37:03 Ballistics
39:13 Gold Shaft Mining
39:13 Stone Shaft Mining
38:01 Halberdier
chisyeung4c
0:28 Loom
10:52 Feudal Age
14:45 Castle Age
12:44 Double-Bit Axe
13:59 Horse Collar
17:35 Bow Saw
19:10 Fletching
21:09 Crossbowman
23:45 Elite Skirmisher
24:49 Heavy Plow
27:34 Bodkin Arrow
28:13 Ballistics
36:33 Imperial Age
36:17 Padded Archer Armor
38:51 Wheelbarrow
38:37 Bracer
38:00 Arbalester
39:17 Thumb Ring
Owen Knight
9:30 Feudal Age
9:57 Double-Bit Axe
10:40 Horse Collar
16:57 Castle Age
15:45 Stone Mining
27:34 Gold Mining
27:47 Heavy Plow
28:00 Bow Saw
28:58 Wheelbarrow
28:09 Town Watch
29:25 Gold Shaft Mining
30:06 Scale Barding Armor
30:11 Forging
30:42 Hand Cart
30:28 Town Patrol
31:19 Marauders
32:04 Chain Barding Armor
32:20 Iron Casting
36:29 Imperial Age
37:18 Elite Tarkan
39:04 Plate Barding Armor
jphilkill
0:50 Loom
12:21 Feudal Age
14:22 Double-Bit Axe
17:18 Castle Age
17:15 Gold Mining
34:36 Wheelbarrow
39:38 Hand Cart
39:36 Bow Saw
frankonil
5:24 Loom
11:09 Feudal Age
18:04 Castle Age
16:34 Double-Bit Axe
18:20 Stone Mining
18:23 Gold Mining
18:50 Bow Saw
23:24 Husbandry
Matcha
2:08 Loom
9:37 Feudal Age
10:18 Horse Collar
17:56 Castle Age
16:04 Double-Bit Axe
19:00 Bow Saw
29:05 Scale Barding Armor
29:10 Forging
Jack Sparrow
3:32 Loom
17:01 Feudal Age
22:06 Castle Age
30:53 Imperial Age
28:46 Horse Collar
29:18 Scale Mail Armor
35:16 Forging
35:22 Chain Mail Armor
Grinch_XO
10:07 Feudal Age
11:21 Loom
14:27 Castle Age
12:34 Double-Bit Axe
14:55 Horse Collar
16:01 Bow Saw
16:19 Gold Mining
18:55 Fervor
21:57 Wheelbarrow
24:15 Stone Mining
25:37 Fletching
26:37 Bodkin Arrow
29:15 Imperial Age
27:08 Hand Cart
27:36 Heavy Plow
28:16 Padded Archer Armor
29:31 Masonry
29:41 Town Watch
30:22 Leather Archer Armor
31:38 Chemistry
31:08 Arrowslits
31:50 Conscription
32:18 Heated Shot
32:48 Elite Longbowman
34:12 Bracer
34:18 Town Patrol
34:55 Architecture
36:13 Fortified Wall
37:16 Ring Archer Armor
37:09 Ballistics
37:17 Forging
37:45 Hoardings
37:08 Murder Holes
38:29 Yeomen
38:58 Guard Tower
Connection lost

Rejoining the realm…

Still unreachable

The connection could not be restored.

Session expired

The server has moved on; the page needs a fresh start.